 Dungeon Crawl Stone Soup version 0.29.1-4-g47bece8355 (webtiles) character file.

Game seed: 12299497799804284500

1181 H0rd4k the Insei (level 8, -12/56 HPs)
             Began as an Octopode Artificer on Dec 5, 2022.
             Was an Initiate of Gozag.
             Killed from afar by a steam dragon (22 damage)
             ... with a ball of steam
             ... on level 6 of the Dungeon.
             The game lasted 00:07:24 (8673 turns).

H0rd4k the Insei (Octopode Artificer)               Turns: 8673, Time: 00:07:25

Health: -12/56     AC:  1    Str: 11    XL:     8   Next: 42%
Magic:  0/13       EV: 13    Int: 22    God:    Gozag
Gold:   432        SH:  0    Dex: 12    Spells: 14/14 levels left

rFire   . . .      SeeInvis .     - Unarmed
rCold   . . .      Faith    .   (no shield)
rNeg    . . .      Spirit   +   (helmet restricted)
rPois   .          Reflect  .   p - amulet of guardian spirit
rElec   .          Harm     .   k - +6 ring of intelligence
rCorr   .          Rampage  .   (no ring)
Will    .....                   (no ring)
Stlth   +++.......              (no ring)
HPRegen 0.18/turn               (no ring)
MPRegen 0.13/turn               (no ring)
                                (no ring)
                                (no ring)

@: no status effects
A: almost no armour, amphibious, 8 rings, camouflage 1, gelatinous body 1,
(nimble swimmer 1), tentacles
a: Renounce Religion, Potion Petition, Call Merchant, Bribe Branch


You were on level 6 of the Dungeon.
You worshipped Gozag.
Gozag was aware of your devotion.
You visited 2 branches of the dungeon, and saw 7 of its levels.

You collected 504 gold pieces.
You paid 72 gold pieces to Gozag.

Inventory:

Missiles
 r - 2 poisoned darts (quivered)
Magical Staves
 n - a staff of death
Jewellery
 e - a ring of magical power
 k - a +6 ring of intelligence (left tentacle)
 p - an amulet of guardian spirit (around mantle)
Wands
 b - a wand of polymorph (10)
 c - a wand of charming (3)
 h - a wand of mindburst (13)
Scrolls
 d - 2 scrolls of identify
 i - a scroll of poison {unknown}
 j - 5 scrolls of teleportation
 q - a scroll of immolation {unknown}
Potions
 a - a potion of haste {unknown}
 f - 4 potions of curing
 g - a potion of brilliance
 l - a potion of invisibility {unknown}
 m - a potion of heal wounds
 o - 3 potions of mutation {unknown}


   Skills:
 * Level 5.4 Fighting
 + Level 1.2 Throwing
 - Level 2.3 Dodging
 - Level 1.3 Stealth
 + Level 6.4 Unarmed Combat
 * Level 3.8 Spellcasting
 - Level 3.2 Evocations


You had 14 spell levels left.
You didn't know any spells.
Your spell library contained the following spells:

 Spells                   Type           Power      Damage    Failure   Level
 Apportation              Tloc           8%         N/A       12%         1
 Foxfire                  Conj/Fire      16%        2x1d4     12%         1
 Necrotise                Necr           16%        1d4       12%         1
 Summon Small Mammal      Summ           16%        N/A       12%         1
 Conjure Flame            Conj/Fire      4%         6-21      34%         3
 Dazzling Flash           Conj/Hex       8%         N/A       34%         3
 Gell's Gravitas          Tloc           4%         N/A       34%         3
 Ignite Poison            Fire/Tmut/Pois 4%         N/A       34%         3
 Inner Flame              Hex/Fire       4%         N/A       34%         3
 Lesser Beckoning         Tloc           4%         N/A       34%         3
 Ozocubu's Armour         Ice            4%         N/A       34%         3
 Summon Guardian Golem    Hex/Summ       4%         N/A       34%         3
 Teleport Other           Tloc           4%         N/A       34%         3
 Flame Wave               Conj/Fire      4%         2d5       75%         4
 Iskenderun's Mystic Bla  Conj/Tloc      4%         2d3       75%         4
 Sticky Flame             Conj/Fire      4%         2d3       75%         4
 Metabolic Englaciation   Hex/Ice        2%         N/A       97%         5
 Starburst                Conj/Fire      2%         6d3       100%        6
 Orb of Destruction       Conj           2%         9d5       100%        7
 Spellforged Servitor     Conj/Summ      2%         N/A       100%        7
 Simulacrum               Ice/Necr       Unusable   N/A       N/A         6

Dungeon Overview and Level Annotations

Branches:
Dungeon (6/15)             Temple (1/1) D:4

Altars:
Cheibriados
Dithmenos
Fedhas
Gozag
Hepliaklqana
Kikubaaqudgha
Makhleb
Nemelex Xobeh
Qazlal
Ru
Sif Muna
Trog
Uskayaw
Vehumet
Wu Jian
Xom
Yredelemnul
The Shining One

Annotations:
D:4 exclusion: 2 downstairs
D:5 Edmund
D:6 exclusion: steam dragon


Innate Abilities, Weirdness & Mutations

You cannot wear most types of armour.
You are amphibious.
You can wear up to eight rings at the same time.
Your skin changes colour to match your surroundings (Stealth+).
Your rubbery body absorbs attacks. (AC +1, EV +1)
((You are camouflaged when in or above water. (Stealth+)))
You have tentacles for arms and can constrict up to eight enemies at once.


Message History

The steam dragon is lightly wounded.
The steam dragon breathes steam at you. The ball of steam hits you!!
You bludgeon the steam dragon! You squeeze the steam dragon.
The steam dragon is heavily wounded.
You are engulfed in a cloud of scalding steam.
* * * LOW HITPOINT WARNING * * *
The steam dragon bites you!
* * * LOW HITPOINT WARNING * * *
The steam dragon barely misses you.
Okay, then.
Unknown command.
You feel much better. The steam dragon bites you.
The steam dragon barely misses you.
You closely miss the steam dragon.
The steam dragon is heavily wounded.
The steam dragon breathes steam at you. The ball of steam hits you!!
* * * LOW HITPOINT WARNING * * *
You feel much better.
You are engulfed in a cloud of scalding steam.
The steam dragon bites you!
* * * LOW HITPOINT WARNING * * *
The steam dragon closely misses you.
Aiming: Charm
Press: ? - help, Shift-Dir - straight line, f - steam dragon
Aim: a steam dragon (heavily wounded, catching its breath, chance to affect: 57%)
The steam dragon resists with significant effort.
You are engulfed in a cloud of scalding steam.
* * * LOW HITPOINT WARNING * * *
The steam dragon closely misses you. The steam dragon claws you.
* * * LOW HITPOINT WARNING * * *
Aiming: Charm
Press: ? - help, Shift-Dir - straight line, f/p - steam dragon
Aim: a steam dragon (heavily wounded, chance to affect: 57%)
The steam dragon resists with significant effort.
The steam dragon breathes steam at you. The ball of steam hits you!!
You die...
Your body crumbles into a pile of gold.

#.####.########..#####
#.######. #................#
##.# #. #.####.#########.#
#..# ## ..# #.# #.# #.## ###
#.#########.## #.#
#....)...§...# #.########
###########§§######.#.......
#D........#.######
#@#########.# #...........#
#############


You could see a steam dragon (catching breath).

Vanquished Creatures
  A water moccasin (D:5)
  A centaur (D:5)
  2 phantoms (D:5)
  A scorpion (D:5)
  3 killer bees (D:6)
  An electric eel (D:6)
  A howler monkey (D:5)
  A jelly (D:5)
  2 hounds (D:5)
  2 orc priests
  6 iguanas
  Jessica (D:2)
  4 gnolls
  7 adders
  A white imp (D:5)
  A worm (D:3)
  3 orcs
  5 endoplasms
  5 giant cockroaches
  10 goblins
  7 hobgoblins
  3 jackals (D:3)
  5 kobolds
  3 quokkas
  4 ball pythons
  6 bats
  11 frilled lizards
  6 rats
103 creatures vanquished.

Vanquished Creatures (collateral kills)
  A killer bee (D:6)
  2 gnolls (D:5)
  2 orcs
  An endoplasm (D:2)
6 creatures vanquished.

Vanquished Creatures (others)
  A gnoll sergeant (D:5)
  A killer bee (D:6)
  An orc (D:3)
  3 plants (D:1)
  3 withered plants (D:1)
9 creatures vanquished.

Grand Total: 118 creatures vanquished

Notes
Turn   | Place    | Note
-------+----------+-------------------------------------------
     0 | D:1      | H0rd4k the Octopode Artificer began the quest for the Orb.
     0 | D:1      | Reached XP level 1. HP: 13/13 MP: 1/1
   481 | D:1      | Reached XP level 2. HP: 11/18 MP: 2/2
   822 | D:1      | Reached skill level 1 in Spellcasting
  1112 | D:1      | Found a faded altar of an unknown god.
  1251 | D:1      | Reached XP level 3. HP: 17/24 MP: 4/4
  1761 | D:2      | Reached skill level 1 in Unarmed Combat
  2147 | D:2      | Noticed Jessica
  2162 | D:2      | Killed Jessica
  2163 | D:2      | Reached XP level 4. HP: 13/30 MP: 6/6
  2436 | D:2      | Reached skill level 2 in Unarmed Combat
  2897 | D:3      | Reached XP level 5. HP: 33/33 MP: 8/8
  3497 | D:3      | Reached skill level 3 in Unarmed Combat
  4078 | D:4      | Found a staircase to the Ecumenical Temple.
  4085 | Temple   | Entered the Ecumenical Temple
  4399 | D:4      | Reached XP level 6. HP: 40/42 MP: 9/9
  5078 | D:4      | Found a shadowy altar of Dithmenos.
  5087 | D:4      | Found an opulent altar of Gozag.
  5091 | D:4      | Found a shimmering altar of Xom.
  5094 | D:4      | Became a worshipper of Gozag Ym Sagoz the Greedy
  5204 | D:5      | Entered Level 5 of the Dungeon
  5234 | D:5      | Reached skill level 4 in Unarmed Combat
  5543 | D:5      | Reached XP level 7. HP: 33/47 MP: 7/11
  5729 | D:5      | Reached skill level 5 in Unarmed Combat
  6564 | D:5      | Noticed Edmund
  6910 | D:5      | Reached XP level 8. HP: 17/54 MP: 6/13
  7536 | D:6      | Found a bloodstained altar of Trog.
  7556 | D:6      | Reached skill level 5 in Fighting
  7556 | D:6      | Reached skill level 6 in Unarmed Combat
  7565 | D:6      | Reached skill level 1 in Throwing
  8673 | D:6      | Killed from afar by a steam dragon

Illustrated notes

Levels and vault maps discovered:
D:1:      dpeg_arrival_three_same_balls, layout_basic,
          shapermc_ecumenical_altar_flowoftime, minmay_lizard_pond
D:2:      layout_basic, uniq_jessica
D:3:      layout_loops_ring
D:4:      layout_gridville, minitemple, minmay_temple_entry_wispy,
          serial_bayou_crossing
D:5:      layout_basic, uniq_edmund
D:6:      layout_loops_ring, bloody_trog, water_boxes_lemuel
Temple:   eino_temple_lava

Skill      XL: |  1  2  3  4  5  6  7  8 |
---------------+-------------------------+-----
Spellcasting   | 1 2 3 |  3.8
Fighting       | 2 3 4 5 |  5.4
Unarmed Combat | 1 2 3 4 5 6 |  6.4
Throwing       | 1 |  1.2
Dodging        | |  2.3
Stealth        | |  1.3
Evocations     | |  3.2

Action                   |  1- 3 |  4- 6 |  7- 9 || total
-------------------------+-------+-------+-------++-------
Melee: Unarmed           |   130 |   123 |    97 ||   350
       Constrict         |    33 |    28 |    12 ||    73
       Tentacles         |    26 |    23 |    19 ||    68
       Punch             |     4 |     5 |     6 ||    15
Throw: Dart              |       |     4 |    14 ||    18
Evoke: Wand              |     2 |    12 |    18 ||    32
  Use: Scroll            |       |       |     5 ||     5
       Potion            |       |       |     2 ||     2
 Stab: Sleeping          |     8 |    11 |       ||    19
       Distracted        |       |       |     1 ||     1
Armor: Skin              |     9 |    11 |     1 ||    21
Dodge: Dodged            |    67 |    90 |    63 ||   220
